Map: Terrasses de Prion

Players

Vapo - Winner!

  • Race: Terran Terran
  • League: Master

Worming

  • Race: Zerg Zerg

VOD

Have the link to the VOD?

Description

Time

  • Played on: Feb. 14, 2016, 5:01 a.m.
  • Length: 12:27
Show
View Real Time Build Order
Export as new Build Order

Vapo Terran - Winner!

Build Orders: Bio Tank 

Get SALT Encoding   

  12  0:03  SCV  
  13  0:15  SCV  
  13  0:19  Supply Depot  
  14  0:27  SCV  
  15  0:40  SCV  
  15  0:42  Barracks  
  16  0:45  Refinery  
  16  0:52  SCV  
  17  1:01  Barracks  
  17  1:04  SCV  
  18  1:17  SCV  
  19  1:30  Reaper  
  19  1:31  Orbital Command  
  20  1:40  Barracks  
  20  1:48  Refinery  
  20  1:49  Reaper  
  21  1:57  Supply Depot  
  21  2:01  SCV  
  21  2:06  Reaper  
  23  2:19  SCV  
  23  2:21  Reaper  
  25  2:23  Supply Depot  
  25  2:30  Reaper  
  25  2:33  SCV  
  27  2:42  Reaper  
  28  2:45  SCV  
  29  2:54  Reaper  
  30  2:59  SCV  
  30  3:02  Reaper  
  32  3:06  Command Center  
  32  3:13  SCV  
  32  3:14  Reaper  
  34  3:29  Reaper  
  34  3:34  SCV  
  36  3:39  Factory  
  35  3:50  SCV  
  38  4:06  Command Center  
  36  4:19  Orbital Command  
  36  4:23  Factory Tech Lab  
  35  4:25  Barracks Tech Lab  
  35  4:26  Barracks Reactor  
  35  4:29  Barracks Tech Lab, SCV  
  35  4:44  Siege Tank  
  38  4:47  Bunker, SCV  
  38  4:49  Marine x2  
  38  4:51  Stimpack  
  40  5:02  Marine x2  
  40  5:07  Marine x2  
  44  5:16  Siege Tank  
  44  5:20  Marine x2  
  49  5:21  Orbital Command  
  49  5:25  SCV x2  
  51  5:34  Marine x2  
  53  5:36  Combat Shields  
  53  5:38  Marine  
  54  5:45  Starport  
  54  5:46  SCV x2  
  56  5:58  SCV x2  
  56  5:59  Refinery  
  57  6:10  SCV  
  57  6:12  Marine x4  
  61  6:21  SCV  
  61  6:22  SCV  
  63  6:30  Marine x4  
  67  6:33  SCV  
  67  6:34  SCV  
  67  6:39  Engineering Bay  
  69  6:40  Engineering Bay  
  69  6:41  Orbital Command  
  69  6:42  Starport Reactor  
  69  6:43  Barracks  
  69  6:45  Barracks, SCV  
  68  6:47  Marine  
  68  6:54  Marine x3  
  72  7:01  Refinery  
  72  7:03  Factory  
  72  7:04  Supply Depot  
  72  7:05  Marine  
  73  7:08  SCV  
  73  7:09  SCV x2  
  73  7:11  Marine  
  77  7:25  SCV x2, Siege Tank, Marine x3  
  84  7:31  SCV  
  84  7:36  Terran Infantry Weapons Level 1, Terran Infantry Armor Level 1  
  84  7:37  SCV  
  84  7:40  Medivac, Barracks Reactor x2, SCV  
  84  7:41  Supply Depot  
  84  7:42  Supply Depot  
  84  7:43  SCV  
  89  7:45  Barracks  
  89  7:47  Factory Tech Lab  
  89  7:49  Barracks  
  89  7:52  SCV, Marine x2  
  89  7:53  Supply Depot  
  89  7:57  SCV  
  93  8:02  Medivac, SCV  
  93  8:03  Concussive Shells  
  93  8:04  Siege Tank, SCV  
  100  8:09  SCV  
  100  8:12  Viking  
  103  8:14  SCV  
  103  8:17  Command Center  
  103  8:18  Armory, Supply Depot  
  103  8:19  SCV  
  105  8:21  Missile Turret, SCV  
  105  8:22  Marine  
  105  8:23  Marine x3  
  110  8:27  Missile Turret  
  110  8:32  Medivac, Supply Depot  
  110  8:33  Barracks Reactor  
  110  8:34  Supply Depot  
  112  8:39  Barracks Reactor  
  112  8:40  Barracks Tech Lab  
  112  8:42  Marine x2  
  112  8:47  Supply Depot  
  114  8:50  Marine x3  
  114  8:51  Marine  
  114  8:55  Medivac, Marine x2  
  121  9:01  Refinery, Marine x2  
  121  9:02  Medivac  
  126  9:03  Supply Depot  
  126  9:04  Siege Tank, Supply Depot  
  126  9:21  Marine  
  126  9:22  Marine x2  
  129  9:26  Marauder x2, Marine x5  
  129  9:27  Marine  
  129  9:28  Siege Tank  
  142  9:36  Siege Tank  
  144  9:39  Marine x2  
  144  9:40  Marine  
  144  9:43  Marine  
  144  9:44  Marine x2  
  144  9:45  Marauder  
  147  9:48  Marauder x2  
  147  9:50  Medivac x2  
  155  9:58  Refinery  
  155  9:59  Command Center, Marine x2  
  157  10:11  Siege Tank  
  157  10:12  Siege Tank, Marine x5  
  167  10:15  Supply Depot  
  167  10:20  Medivac  
  154  10:33  Marine x2  
  155  10:41  Marine x6  
  155  10:42  Marine x3  
  158  10:51  Marine x2  
  160  10:59  Marine x6  
  160  11:00  Marauder x3  
  170  11:08  Marine  
  170  11:09  Marine  
  154  11:16  Marine  
  154  11:17  Marine x5  
  130  11:21  Marine x3  
  130  11:26  Marine x2  
  130  11:27  Thor  
  138  11:34  Marine  
  138  11:35  Thor, Marine x5  
  138  11:39  Marine x3  
  153  11:44  Marine x2  
  144  11:52  Marine  
  144  11:53  Marine x5  
  147  11:56  Marine x2  
  148  12:08  Marine x2  
Show
View Real Time Build Order
Export as new Build Order

Worming Zerg 

Build Orders: Hatch First 

Get SALT Encoding   

  12  0:01  Drone  
  13  0:12  Overlord  
  13  0:17  Drone  
  14  0:32  Drone x2  
  16  0:38  Drone  
  17  0:55  Drone  
  18  0:58  Drone, Hatchery  
  18  1:14  Spawning Pool  
  18  1:17  Drone  
  18  1:19  Drone  
  19  1:27  Extractor  
  19  1:30  Drone  
  19  1:43  Drone  
  20  1:53  Overlord  
  20  2:01  Queen  
  22  2:11  Queen  
  22  2:12  Zergling x4  
  22  2:13  Drone  
  27  2:23  Drone x2  
  29  2:33  Spore Crawler  
  27  2:40  Queen  
  27  2:41  Metabolic Boost  
  30  2:45  Zergling x4  
  30  2:46  Zergling x2  
  30  2:48  Extractor  
  31  2:54  Zergling x4  
  34  3:01  Overlord  
  34  3:11  Overlord  
  37  3:27  Drone x8  
  37  3:32  Queen  
  37  3:34  Roach Warren  
  43  3:52  Roach Warren  
  43  3:55  Overlord  
  42  3:56  Zergling x14  
  45  4:21  Drone x5  
  50  4:31  Drone x6  
  54  4:44  Zergling x4  
  56  4:50  Roach  
  58  5:05  Roach x4  
  48  5:27  Drone x6  
  48  5:28  Queen x2  
  55  5:44  Hatchery  
  55  5:48  Drone x2  
  56  5:54  Extractor  
  55  6:04  Queen  
  54  6:20  Queen  
  50  6:34  Zergling x12  
  50  6:39  Extractor  
  55  6:48  Lair  
  53  6:55  Queen, Overlord x2  
  53  6:56  Roach x5  
  65  7:09  Overlord x4  
  65  7:10  Spine Crawler x2  
  63  7:17  Baneling Nest  
  63  7:19  Evolution Chamber  
  63  7:21  Evolution Chamber  
  59  7:24  Extractor  
  59  7:29  Roach x2  
  57  7:37  Drone x2  
  57  7:38  Drone x5  
  57  7:39  Drone x3  
  57  7:43  Ravager  
  57  7:44  Ravager x5  
  73  7:50  Zerg Melee Weapons Level 1  
  70  7:57  Drone x5  
  70  8:10  Centrifical Hooks  
  70  8:12  Overlord  
  70  8:13  Overlord  
  70  8:14  Overlord  
  70  8:15  Hatchery  
  70  8:18  Overlord, Extractor  
  70  8:19  Overlord  
  68  8:21  Drone x3  
  68  8:23  Drone x4  
  68  8:25  Zergling x2  
  76  8:31  Pneumatized Carapace  
  76  8:35  Zergling x4  
  76  8:38  Overseer  
  78  8:43  Zergling x10  
  83  8:54  Infestation Pit  
  82  8:55  Extractor  
  82  8:56  Zergling x4  
  82  8:59  Zergling x2  
  82  9:00  Zergling x6  
  85  9:22  Zergling x18  
  90  9:33  Hive  
  86  9:38  Zergling x10  
  86  9:39  Zergling x4  
  90  9:48  Zerg Melee Weapons Level 2  
  90  9:50  Evolution Chamber  
  89  10:00  Drone x10  
  89  10:05  Hatchery  
  98  10:12  Spire  
  97  10:21  Zergling x24  
  99  10:23  Baneling  
  99  10:24  Baneling x15  
  109  10:42  Zergling x2  
  110  10:43  Zergling x28  
  123  10:54  Burrow  
  76  11:20  Zergling x28  
  84  11:29  Zergling x2  
  84  11:30  Zergling x6  
  85  11:35  Baneling x2  
  85  11:37  Baneling x3  
  57  11:54  Zergling x2  
  57  11:55  Zergling x20  
  65  12:02  Mutalisk x7  
  65  12:06  Zergling x2  
Tags
 
Composition
Bio Tank
League
Master
Matchup
TvZ
Replay Pack
replay pack
Add a new tag
Caveats
  • Supply blocks, unpowered buildings, or Contaminate may cause inaccurate times.
  • Supply counts are checked every 10 seconds.